 Dungeon Crawl Stone Soup version 0.28-a0-397-g1a7b1a870f (webtiles) character file.

Game seed: 13364797491537610294

1968 MacCMillion the Poker (level 9, -6/68 HPs)
             Began as a Demonspawn Gladiator on Sept 4, 2021.
             Was an Initiate of Kikubaaqudgha.
             Killed from afar by Psyche (10 damage)
             ... with a chain of chaos
             ... on level 8 of the Dungeon.
             The game lasted 00:32:39 (10073 turns).

MacCMillion the Poker (Demonspawn Gladiator)       Turns: 10073, Time: 00:32:39

Health: -6/68      AC: -4    Str: 17    XL:     9   Next: 0%
Magic:  9/9        EV: 17    Int: 11    God:    Kikubaaqudgha [......]
Gold:   203        SH:  0    Dex: 14    Spells: 7/8 levels left

rFire   . . .      SeeInvis .   (weapon currently unavailable)
rCold   . . .      Faith    .   (shield currently unavailable)
rNeg    . . .      Spirit   .   (armour currently unavailable)
rPois   .          Reflect  .   (helmet currently unavailable)
rElec   .          Harm     .   (cloak currently unavailable)
rCorr   .          Rampage  .   (gloves currently unavailable)
Will    .....                   (boots currently unavailable)
Stlth   +.........              (no amulet)
HPRegen 0.21/turn               (ring currently unavailable)
MPRegen 0.11/turn               (ring currently unavailable)

@: pig-form, corroded, hasted, very quick
A: fast, no casting, small, (antennae 2), repulsion field 1, demonic magic 3
a: Renounce Religion


You were on level 8 of the Dungeon.
You worshipped Kikubaaqudgha.
Kikubaaqudgha was noncommittal.
You were a filthy swine.
You visited 2 branches of the dungeon, and saw 9 of its levels.

You collected 416 gold pieces.
You spent 213 gold pieces at shops.

Inventory:

Hand Weapons
 a - a +0 trident (melded)
Missiles
 b - 3 curare-tipped darts
 d - 2 throwing nets (quivered)
 f - 52 poisoned darts
Armour
 c - a +0 ring mail (melded)
 h - a +2 pair of boots (melded)
 j - a +0 chain mail
 y - a +0 cloak of poison resistance (melded)
Jewellery
 e - an amulet of faith
 g - a ring of protection from fire (melded)
 i - a ring of poison resistance
 m - a ring of magical power (melded)
 r - a ring of see invisible
 C - a +6 ring of intelligence
Wands
 s - a wand of digging (2)
 w - a wand of acid (4)
Scrolls
 k - 2 scrolls of immolation
 l - a scroll of fear
 n - 3 scrolls of noise
 p - a scroll of teleportation
 x - a scroll of brand weapon {unknown}
 z - 2 scrolls of enchant armour {unknown}
 D - a scroll of blinking
Potions
 o - 2 potions of flight
 u - a potion of magic {unknown}
 v - a potion of attraction
 A - a potion of ambrosia {unknown}
 B - a potion of haste
 E - a potion of lignification {unknown}


   Skills:
 + Level 5.5 Fighting
 * Level 7.2 Polearms
 - Level 2.5 Throwing
 + Level 4.5 Armour
 - Level 3.0 Dodging
 + Level 3.8 Necromancy
 + Level 2.6 Evocations


You had 7 spell levels left.
You knew the following spells:

 Your Spells              Type           Power      Damage    Failure   Level
a - Pain                  Necr           32%        1d5       8%          1

Your spell library contained the following spells:

 Spells                   Type           Power      Damage    Failure   Level
 Foxfire                  Conj/Fire      0%         2x1d4     34%         1
 Conjure Flame            Conj/Fire      0%         6-21      71%         3
 Inner Flame              Hex/Fire       0%         N/A       71%         3
 Agony                    Necr           8%         N/A       90%         5
 Excruciating Wounds      Necr           4%         N/A       90%         5
 Flame Wave               Conj/Fire      0%         3d3       98%         4
 Malign Gateway           Summ/Tloc      0%         N/A       100%        7
 Summon Horrible Things   Summ           0%         N/A       100%        8


Dungeon Overview and Level Annotations

Branches:
Dungeon (8/15)             Temple (1/1) D:7
   Lair: D:8-11

Altars:
Ashenzari
Cheibriados
Dithmenos
Elyvilon
Fedhas
Gozag
Hepliaklqana
Kikubaaqudgha
Makhleb
Nemelex Xobeh
Okawaru
Qazlal
Ru
Sif Muna
Trog
Uskayaw
Vehumet
Wu Jian
Xom
Yredelemnul
Zin
The Shining One

Shops:
D:1 *   D:4 [   D:5 *   D:7 *(?[

Annotations:
D:3 2 runed translucent doors, Ijustatesigmund's ghost, amateur GrFi
D:6 1 runed translucent door, RinnBerevan's ghost, novice HOFi
D:8 Psyche


Innate Abilities, Weirdness & Mutations

You are a filthy swine.
You move quickly.
Your equipment is almost entirely melded.
You are incapable of wielding weapons or throwing items.
You cannot cast spells.
((You have a pair of antennae on your head.))
You are surrounded by a mild repulsion field. (EV +2)
Spells you cast and wands you use may paralyse nearby enemies.


Message History

Found 18 gold pieces.
Psyche hits you but does no damage. Space warps horribly around you!
* * * LOW HITPOINT WARNING * * *
You hit Psyche.
Psyche is lightly wounded.
Psyche barely misses you.
You hit Psyche.
Psyche is moderately wounded.
Psyche closely misses you.
You hit Psyche but do no damage.
Psyche is moderately wounded.
You hit Psyche.
Psyche is moderately wounded.
Psyche casts a spell.
Psyche flickers and vanishes!
Deactivating autopickup; reactivate with Ctrl-A.
You miss something. Something hits you.
* * * LOW HITPOINT WARNING * * *
You hit something. Something hits you.
* * * LOW HITPOINT WARNING * * *
Space bends around you.
* * * LOW HITPOINT WARNING * * *
You closely miss something.
You hear some strange, mumbled words.
You turn into a filthy swine.
Your +0 trident melds into your body.
Your +0 cloak of poison resistance melds into your body.
Your +2 pair of boots melds into your body.
Your +0 ring mail melds into your body.
Your ring of protection from fire melds into your body.
Your ring of magical power melds into your body.
You no longer feel resistant to poison.
You feel your magic capacity decrease.
You miss something. You hit something but do no damage.
Something barely misses you.
The troll shouts!
You hear some strange, mumbled words.
A swirling arc of seething chaos appears!
An arc of chaos appears from out of thin air!
The arc of chaos hits you!
You writhe in agony!
You die...
Kikubaaqudgha rasps: "You have failed me!
Welcome... death!"

###### #..h.# #
#.##.# ## #
#.#######.####. .
#.##..............
#....{######!.....
#####.....<...#
#.....####....#
..........(..#..#
.T..##.####..# .#


There were no monsters in sight!

Vanquished Creatures
  2 slime creatures (D:7)
  2 black bears (D:6)
  A sky beast (D:6)
  A necrophage (D:8)
  An ogre (D:6)
  A centaur (D:6)
  3 bullfrogs
  2 scorpions
  3 killer bees
  A howler monkey (D:4)
  A bullfrog zombie (D:6)
  3 jellies
  An orc priest (D:7)
  2 hounds
  A gnoll shaman (D:6)
  An iguana (D:5)
  An orc wizard (D:7)
  Natasha (twice) (D:2)
  A killer bee zombie (D:7)
  A hound skeleton (D:4)
  3 howler monkey skeletons
  3 gnolls (D:6)
  6 adders
  A shadow imp (D:6)
  3 white imps
  An adder skeleton (D:4)
  A worm (D:5)
  A dart slug (D:2)
  6 orcs
  5 ball pythons
  4 bats
  6 endoplasms
  A giant cockroach (D:1)
  4 goblins
  10 hobgoblins
  2 jackals (D:2)
  2 quokkas
  2 frilled lizards
  7 kobolds
  3 rats
102 creatures vanquished.

Vanquished Creatures (collateral kills)
  Ijyb (D:3)
  An adder (D:3)
2 creatures vanquished.

Grand Total: 104 creatures vanquished

Notes
Turn   | Place    | Note
-------+----------+-------------------------------------------
     0 | D:1      | MacCMillion the Demonspawn Gladiator began the quest for
                  | the Orb.
     0 | D:1      | Reached XP level 1. HP: 16/16 MP: 1/1
    39 | D:1      | Found Peufeistry's Assorted Antiques.
   232 | D:1      | Gained mutation: You have a pair of small antennae on your
                  | head. [demonic ancestry]
   232 | D:1      | Reached XP level 2. HP: 22/22 MP: 2/2
   407 | D:1      | Found a faded altar of an unknown god.
  1136 | D:2      | Reached skill level 3 in Polearms
  1136 | D:2      | Gained mutation: You have a pair of antennae on your head.
                  | [demonic ancestry]
  1136 | D:2      | Reached XP level 3. HP: 22/27 MP: 3/3
  1241 | D:2      | Noticed Natasha
  1249 | D:2      | Killed Natasha
  1250 | D:2      | Reached skill level 1 in Armour
  2047 | D:3      | Noticed Ijustatesigmund's ghost (amateur GrFi)
  2048 | D:3      | Found a large runed translucent door.
  2048 | D:3      | Found a large runed translucent door.
  2072 | D:3      | Noticed Ijyb
  2122 | D:3      | Gained mutation: Spells you cast may paralyse adjacent
                  | enemies. [demonic ancestry]
  2122 | D:3      | Reached XP level 4. HP: 4/34 MP: 4/4
  2128 | D:3      | Killed Ijyb
  3437 | D:1      | Bought a scroll of identify for 60 gold pieces
  3523 | D:2      | Gained mutation: You are surrounded by a mild repulsion
                  | field. (EV +2) [demonic ancestry]
  3523 | D:2      | Reached XP level 5. HP: 39/40 MP: 5/5
  4019 | D:4      | Reached skill level 4 in Polearms
  4220 | D:4      | Found Zoteexut's Armour Shoppe.
  4385 | D:4      | Reached XP level 6. HP: 38/47 MP: 6/6
  4797 | D:4      | Bought a +0 cloak of poison resistance for 93 gold pieces
  4898 | D:1      | Bought a scroll of identify for 60 gold pieces
  4932 | D:2      | Noticed Natasha
  4941 | D:2      | Killed Natasha
  4993 | D:5      | Entered Level 5 of the Dungeon
  5294 | D:5      | Reached skill level 5 in Polearms
  5354 | D:5      | Gained mutation: Spells you cast may paralyse nearby
                  | enemies. [demonic ancestry]
  5354 | D:5      | Reached XP level 7. HP: 45/54 MP: 7/7
  5407 | D:5      | Learned a level 1 spell: Pain
  5504 | D:5      | Found Mugesh's Overcharged Wands.
  5886 | D:6      | Found a shadowy altar of Dithmenos.
  5887 | D:6      | Found an opulent altar of Gozag.
  5887 | D:6      | Found a bloodstained altar of Trog.
  5922 | D:6      | Reached skill level 1 in Necromancy
  6121 | D:6      | Found a sacrificial altar of Ru.
  6122 | D:6      | Found a shimmering altar of Xom.
  6192 | D:6      | Found a runed translucent door.
  6758 | D:6      | Reached skill level 6 in Polearms
  6758 | D:6      | Gained mutation: Spells you cast and wands you use may
                  | paralyse nearby enemies. [demonic ancestry]
  6758 | D:6      | Reached XP level 8. HP: 61/61 MP: 8/8
  7035 | D:6      | Reached skill level 1 in Evocations
  7082 | D:6      | Noticed RinnBerevan's ghost (novice HOFi)
  7171 | D:7      | Noticed a slime creature
  7188 | D:7      | Killed a slime creature
  7189 | D:7      | Reached skill level 5 in Fighting
  7416 | D:7      | Noticed a slime creature
  7556 | D:7      | Killed a slime creature
  8005 | D:7      | Found Fodi's Magic Scroll Boutique.
  8020 | D:7      | Found a staircase to the Ecumenical Temple.
  8029 | D:7      | Found Joofi's Weapon Boutique.
  8037 | Temple   | Entered the Ecumenical Temple
  8266 | Temple   | Became a worshipper of Kikubaaqudgha
  8308 | D:7      | Found Xifawked's General Store.
  8816 | D:7      | Found Secof's Armour Shoppe.
  8863 | D:7      | Reached skill level 7 in Polearms
  8905 | D:7      | Noticed a slime creature
  8907 | D:7      | Noticed a slime creature
  9108 | D:8      | Noticed a troll
  9114 | D:8      | Noticed a troll
  9676 | D:8      | Reached XP level 9. HP: 68/68 MP: 9/9
  9733 | D:8      | Noticed Psyche
 10039 | D:7      | Noticed a vault sentinel
 10039 | D:7      | Noticed a vault sentinel
 10043 | D:7      | Found the +18 shield of the Gong {rElec rN+ Will+ EV-5}
 10064 | D:8      | HP: 3/68 [something (2)]
 10073 | D:8      | Killed from afar by Psyche

Illustrated notes

Levels and vault maps discovered:
D:1:      dpeg_arrival_connections, layout_loops_ring, serial_shops,
          nicolae_shop_stone, chequers_ecumenical_altar_simple,
          amethyst_killhole
D:2:      layout_basic, serial_park_tiny_2, minmay_crystal_room, uniq_natasha
D:3:      layout_loops_cross, ebering_ghost_disaster_area,
          chequers_serial_rivers_micro_a, kennysheep_generic_room_2, uniq_ijyb
D:4:      layout_gridville, serial_shops,
          nicolae_shop_competitors_out_of_business, grunt_decor_junction
D:5:      layout_basic, chequers_avenue, nicolae_shop_overcharged_wands
D:6:      layout_gridville, grunt_temple_overflow_open,
          ebering_ghost_reflecting_pool
D:7:      layout_loops_ring, minmay_temple_entry_offerings, serial_shops, shop,
          kennysheep_mini_moat, shop_fountains, nicolae_take_the_stairs, shop,
          kennysheep_cross_bottleneck, hellmonk_guarded_unrand_gong
D:8:      layout_basic, chequers_arboretum, uniq_psyche
Temple:   eino_temple_scatter_basement

Skill      XL: |  1  2  3  4  5  6  7  8 |
---------------+-------------------------+-----
Throwing       | 2 |  2.5
Polearms       | 3 4 5 6 7 |  7.2
Armour         | 1 2 3 4 |  4.5
Dodging        | 3 |  3.0
Fighting       | 3 4 5 |  5.5
Necromancy     | 2 3 |  3.8
Evocations     | 2 |  2.6

Action                   |  1- 3 |  4- 6 |  7- 9 || total
-------------------------+-------+-------+-------++-------
Melee: Trident           |   123 |   179 |   232 ||   534
       Unarmed           |       |       |     2 ||     2
Throw: Throwing net      |       |       |     3 ||     3
Evoke: Wand              |       |       |     3 ||     3
  Use: Scroll            |     4 |     6 |     2 ||    12
       Potion            |     4 |       |     6 ||    10
 Stab: Sleeping          |     1 |       |       ||     1
       Paralysed         |       |       |     3 ||     3
Armor: Leather armour    |     2 |       |       ||     2
       Chain mail        |    60 |    73 |    54 ||   187
       Ring mail         |       |       |    65 ||    65
Dodge: Dodged            |    50 |    60 |   216 ||   326

Table legend: (Time is in decaauts)
 A = Elapsed time spent in this place.
 B = Non-inter-level travel time spent in this place.
 C = Inter-level travel time spent in this place.
 D = Time resting spent in this place.
 E = Time spent auto-exploring this place.
 F = Levels seen in this place.
 G = Mean time per level.
                   A        B        C        D        E       F      G
               +--------+--------+--------+--------+--------+-----+--------+
         Total |  10118 |   9284 |    834 |   2496 |   4852 |   9 | 1124.2 |
       Dungeon |   9870 |   9053 |    817 |   2496 |   4684 |   8 | 1233.8 |
        Temple |    247 |    230 |     17 |      0 |    168 |   1 |  247.0 |
               +--------+--------+--------+--------+--------+-----+--------+

Top non-repeatable levels by time:
     D:7: 2257 daAuts
     D:3: 1830 daAuts
     D:6: 1365 daAuts
     D:2: 1137 daAuts
     D:4: 1052 daAuts
     D:1: 1017 daAuts
     D:5: 921 daAuts
     D:8: 287 daAuts
  Temple: 247 daAuts
